 Dungeon Crawl Stone Soup version 0.30-a0-782-ge64f9170bb (webtiles) character file.

Game seed: 16955576515173169968

121 theswoord the Ruffian (level 5, -7/27 HPs)
             Began as a Vine Stalker Fighter on Feb 24, 2023.
             Mangled by an ogre
             ... wielding a +0 giant spiked club
              (13 damage)
             ... on level 3 of the Dungeon.
             The game lasted 00:02:33 (1877 turns).

theswoord the Ruffian (Vine Stalker Fighter)        Turns: 1877, Time: 00:02:34

Health: -7/27      AC:  8    Str: 20    XL:     5   Next: 5%
Magic:  0/6        EV:  9    Int:  8    God:
Gold:   109        SH:  4    Dex: 14    Spells: 4/4 levels left

rFire   . . .      SeeInvis .      - Unarmed
rCold   . . .      Faith    .    b - +0 buckler
rNeg    . . .      Spirit   +    a - +0 scale mail
rPois   .          Reflect  .    (no helmet)
rElec   .          Harm     .    (no cloak)
rCorr   .          Rampage  .    h - +1 pair of gloves
Will    .....                    (no boots) Stlth
                                 (no amulet)
HPRegen 1.04/turn                (no ring)
MPRegen 0.10/turn                (no ring)

@: no status effects
A: fangs 2, regeneration 1, magic shield, antimagic bite, no potion heal 2
a: no special abilities


You were on level 3 of the Dungeon.
You visited 1 branch of the dungeon, and saw 3 of its levels.

You collected 109 gold pieces.

Inventory:

Armour
 a - a +0 scale mail (worn)
 b - a +0 buckler (worn)
 d - a +0 cloak
 h - a +1 pair of gloves (worn)
Scrolls
 f - 4 scrolls of identify
Potions
 c - a potion of might
 e - a potion of brilliance {unknown}
 g - 3 potions of curing


   Skills:
 - Level 2.6 Fighting
 - Level 2.4 Armour
 - Level 2.6 Shields
 + Level 5.1 Unarmed Combat


You had 4 spell levels left.
You didn't know any spells.
Your spell library contained the following spells:

 Spells                   Type           Power      Damage    Failure   Level
 Call Canine Familiar     Summ           0%         N/A       99%         3
 Ozocubu's Armour         Ice            0%         N/A       99%         3
 Portal Projectile        Hex/Tloc       0%         N/A       99%         3
 Leda's Liquefaction      Hex/Erth       0%         N/A       100%        4
 Metabolic Englaciation   Hex/Ice        0%         N/A       100%        5
 Simulacrum               Ice/Necr       0%         N/A       100%        6


Dungeon Overview and Level Annotations

Branches:
Dungeon (3/15)

Altars:

Shops:
D:2 *


Innate Abilities, Weirdness & Mutations

You have extremely sharp teeth.
Your natural rate of healing is unusually fast.
When hurt, damage is shared between your health and your magic reserves.
Your bite disrupts and absorbs the magic of your enemies.
Potions cannot restore your health.


Message History

Okay, then.
There is an open door here.
You see here a rat skeleton.
You see here a +0 club.
There is an open door here.
You see here a +0 dagger.
There is an open door here.
There is an open door here.
Key pressed, stopping explore.
You enter the shallow water.
Moving in this stuff is going to be slow.
Done exploring.
Done exploring.
No target in view!
No target in view!
No target in view!
(D) Dungeon
Where to? (Enter - D:2 @ (x,y), ? - help)
There is a stone staircase leading down here.
You climb downwards.
There is a stone staircase leading up here.
Found a robe.
You see here a +0 robe.
You now have 109 gold pieces (gained 10).
An ogre comes into view. It is wielding a +0 giant spiked club.
The ogre shouts!
You hear a shout!
An ogre is nearby!
An ogre is nearby!
A hobgoblin comes into view.
The ogre closely misses you.
You punch the ogre! You bite the ogre, but do no damage. You hit the ogre.
The ogre hits you with a +0 giant spiked club!!
Ouch! That really hurt!
* * * LOW HITPOINT WARNING * * *
You punch the ogre! You bite the ogre. You drain its power.
You feel invigorated.
You hit the ogre.
The ogre hits you with a +0 giant spiked club!!
You die...

.## ... #.# #.#
#.# #g# #O# #@#
#.# #.# #.#
#.#############
#.#.[.........#
#.#.#########.#
#.#.#<......#.#
#.#.#######.#.#


You could see an ogre and a hobgoblin.

Vanquished Creatures
  Jessica (D:2)
  3 adders (D:2)
  2 adder skeletons (D:2)
  3 dart slugs
  6 ball pythons
  A bat zombie (D:2)
  4 endoplasms (D:1)
  3 giant cockroaches
  8 goblins
  6 hobgoblins
  4 kobolds
  2 quokkas
  3 ball python skeletons (D:2)
  3 bats
  A giant cockroach zombie (D:2)
  A quokka zombie (D:2)
  4 rats
55 creatures vanquished.

Notes
Turn   | Place    | Note
-------+----------+-------------------------------------------
     0 | D:1      | theswoord the Vine Stalker Fighter began the quest for the
                  | Orb.
     0 | D:1      | Reached XP level 1. HP: 11/11 MP: 2/2
   104 | D:1      | Reached XP level 2. HP: 16/16 MP: 3/3
   190 | D:1      | Reached skill level 3 in Unarmed Combat
   446 | D:1      | Reached XP level 3. HP: 18/19 MP: 2/4
   977 | D:2      | Noticed Jessica
   981 | D:2      | Killed Jessica
   982 | D:2      | Reached skill level 4 in Unarmed Combat
   982 | D:2      | Gained mutation: Your natural rate of healing is unusually
                  | fast. [Vine Stalker growth]
   982 | D:2      | Reached XP level 4. HP: 23/23 MP: 5/5
  1009 | D:2      | Found Orue's General Store.
  1434 | D:2      | Reached skill level 5 in Unarmed Combat
  1434 | D:2      | Reached XP level 5. HP: 27/27 MP: 4/6
  1456 | D:2      | Found a faded altar of an unknown god.
  1870 | D:3      | Noticed an ogre
  1877 | D:3      | Mangled by an ogre

Skill      XL: |  1  2  3  4 |
---------------+-------------+-----
Unarmed Combat | 3 4 5 |  5.1
Fighting       | |  2.6
Armour         | |  2.4
Shields        | |  2.6

Action                     |  1- 3 |  4- 6 || total
---------------------------+-------+-------++-------
  Melee: Unarmed           |    74 |    82 ||   156
         Bite              |    15 |    15 ||    30
    Use: Scroll            |     3 |     1 ||     4
 Armour: Scale mail        |    24 |    47 ||    71
  Dodge: Dodged            |    24 |    33 ||    57
  Block: Buckler           |    14 |     9 ||    23

Levels and vault maps discovered:
D:1:      scummos_arrival_simple_fountains, layout_basic,
          hangedman_decor_growths, st_stairs_12
D:2:      layout_basic, serial_undead, serial_undead_f, serial_undead_e,
          serial_undead_d, serial_undead_f,
          dreamdust_ecumenical_altar_angels_and_demons, serial_shops,
          nicolae_shop_trees, dk_noncrumbling_4, minmay_heptomino_w4,
          uniq_jessica
D:3:      layout_basic, serial_shops, shop, shop, nicolae_shop_stone,
          nicolae_shop_trees, shop, uniq_robin
